Map: Ultralove

Players

symic - Winner!

  • Race: Zerg Zerg
  • League: Silver
  • Spawn Location: 7:00

GangusKaun

  • Race: Protoss Protoss
  • League: Gold
  • Spawn Location: 1:00

VOD

Have the link to the VOD?

Description

Time

  • Played on: Dec. 4, 2024, 8:20 p.m.
  • Length: 15:01
Show
View Real Time Build Order
Export as new Build Order

symic Zerg - Winner!

Build Orders: Hatch First 

Get SALT Encoding   

  12  0:01  Drone  
  13  0:11  Drone  
  14  0:18  Extractor  
  14  0:19  Drone  
  15  0:23  Overlord  
  15  0:51  Hatchery  
  15  0:55  Drone  
  15  1:02  Drone x2  
  17  1:05  Extractor  
  16  1:12  Spawning Pool  
  16  1:14  Drone  
  16  1:19  Drone  
  17  1:28  Drone  
  18  1:39  Drone  
  19  1:49  Overlord  
  19  2:00  Queen  
  21  2:02  Queen  
  21  2:05  Drone x2  
  25  2:16  Zergling x4  
  25  2:22  Drone  
  28  2:26  Metabolic Boost  
  28  2:45  Hatchery  
  27  2:59  Zergling x2  
  27  3:00  Zergling x10  
  33  3:06  Queen  
  33  3:11  Drone  
  36  3:36  Overlord x2  
  36  3:37  Overlord  
  33  4:01  Zergling x2  
  33  4:02  Zergling x14  
  39  4:18  Zergling x4  
  36  4:53  Zergling x2  
  36  4:54  Zergling x16  
  37  5:17  Drone x5  
  41  5:28  Drone  
  41  5:29  Drone x3  
  38  5:56  Drone  
  38  5:57  Drone x6  
  44  6:00  Queen  
  46  6:07  Spore Crawler  
  46  6:10  Lair  
  45  6:22  Drone x3  
  45  6:23  Evolution Chamber  
  47  6:26  Overlord  
  47  6:36  Queen  
  47  6:39  Hatchery  
  48  6:43  Drone x4  
  48  6:44  Evolution Chamber  
  51  6:47  Drone  
  51  6:48  Drone x6, Hatchery  
  57  7:06  Drone x2, Extractor  
  57  7:08  Drone  
  59  7:10  Drone  
  59  7:11  Drone x6  
  66  7:16  Extractor  
  66  7:17  Extractor  
  64  7:23  Spore Crawler  
  64  7:24  Extractor  
  64  7:26  Drone  
  64  7:27  Drone x7, Extractor  
  64  7:29  Overlord x2  
  69  7:36  Zerg Melee Weapons Level 1  
  69  7:37  Zerg Missile Weapons Level 1  
  69  7:43  Hydralisk Den  
  68  7:47  Infestation Pit  
  68  7:50  Drone x2  
  68  7:51  Drone x9  
  78  8:02  Zergling x10  
  78  8:04  Overseer  
  83  8:09  Overlord x3  
  83  8:15  Hydralisk  
  83  8:16  Hydralisk x5  
  83  8:18  Grooved Spines  
  95  8:24  Drone x6  
  95  8:25  Drone  
  102  9:02  Hydralisk x4  
  104  9:03  Hydralisk x4  
  104  9:08  Overlord x6  
  118  9:13  Muscular Augments  
  118  9:16  Hive  
  118  9:22  Overlord x2  
  118  9:23  Overlord x2  
  118  9:27  Queen  
  120  9:33  Drone x2  
  122  9:39  Drone x2, Extractor  
  122  9:40  Extractor  
  120  10:14  Zerg Melee Weapons Level 2  
  120  10:16  Zerg Missile Weapons Level 2  
  120  10:18  Zergling x2  
  120  10:19  Zergling x30  
  120  10:20  Zergling x28  
  143  10:41  Zergling x20  
  153  10:47  Queen x2  
  150  10:57  Adrenal Glands  
  150  10:58  Hydralisk  
  150  10:59  Hydralisk x13  
  148  11:25  Hydralisk  
  147  11:26  Hydralisk x16  
  179  11:42  Hydralisk x5  
  189  11:56  Nydus Network  
  189  11:58  Overseer x2, Unknown  
  188  12:03  Drone  
  188  12:04  Overlord  
  188  12:05  Overlord x3  
  187  12:49  Drone x3  
  190  12:57  Drone x5  
  190  12:58  Drone x5  
  196  13:16  Hydralisk  
  196  13:17  Hydralisk x2  
  144  13:57  Hydralisk x6  
  144  13:58  Hydralisk x20  
  144  13:59  Hydralisk  
  189  14:14  Nydus Canal  
  173  14:27  Hydralisk  
  173  14:28  Hydralisk x6  
Show
View Real Time Build Order
Export as new Build Order

GangusKaun Protoss 

Build Orders: 1 Gate Expand 

Get SALT Encoding   

  12  0:00  Probe  
  13  0:13  Probe  
  14  0:21  Pylon  
  14  0:27  Probe  
  15  0:39  Probe  
  16  0:42  Gateway  
  16  0:48  Probe  
  16  0:50  Assimilator  
  16  0:56  Probe  
  18  1:05  Probe  
  19  1:23  Nexus  
  19  1:26  Probe  
  20  1:45  Cybernetics Core  
  20  1:50  Probe  
  21  1:54  Assimilator  
  21  1:57  Pylon  
  21  2:08  Probe  
  22  2:14  Adept, Warp Gate  
  22  2:20  Probe  
  25  2:31  Probe  
  25  2:32  Gateway  
  26  2:39  Probe  
  26  2:43  Probe  
  28  2:49  Probe  
  28  2:56  Probe  
  30  3:01  Probe  
  31  3:08  Probe  
  32  3:22  Shield Battery  
  32  3:23  Probe x2  
  33  3:30  Stargate  
  33  3:34  Adept x2  
  37  3:42  Probe x2  
  32  4:21  Oracle  
  30  4:30  Probe x2  
  35  4:35  Adept  
  37  4:43  Zealot  
  39  4:58  Probe x2  
  41  5:00  Adept  
  43  5:10  Probe x2  
  45  5:16  Gateway  
  45  5:19  Shield Battery  
  45  5:22  Probe  
  45  5:27  Pylon  
  46  5:29  Pylon  
  46  5:43  Probe  
  46  5:45  Probe  
  45  6:00  Probe x2, Oracle  
  50  6:10  Gateway  
  50  6:11  Shield Battery  
  50  6:37  Assimilator  
  50  6:39  Assimilator  
  50  6:40  Pylon  
  50  6:44  Pylon  
  50  6:52  Twilight Council  
  50  6:53  Forge  
  50  6:56  Fleet Beacon  
  50  6:58  Gateway  
  50  7:01  Gateway x2  
  50  7:04  Gateway  
  50  7:10  Pylon  
  50  7:11  Pylon  
  50  7:24  Protoss Air Weapons Level 1  
  50  7:26  Protoss Ground Weapons Level 1  
  50  7:29  Charge  
  50  7:37  Probe x2  
  56  8:09  Void Ray  
  56  8:12  Stargate  
  56  8:15  Stargate  
  56  8:17  Templar Archives, Probe x2  
  58  8:20  Pylon  
  58  8:22  Pylon  
  58  8:25  Nexus  
  58  8:26  Pylon  
  58  8:29  Flux Vanes, Probe x2, Pylon  
  60  8:41  Probe x2  
  62  8:53  Probe  
  63  9:01  Stalker x7  
  77  9:10  Robotics Facility  
  77  9:11  Shield Battery  
  77  9:14  Robotics Facility  
  77  9:15  Shield Battery  
  77  9:21  Shield Battery  
  77  9:22  Shield Battery  
  77  9:55  Tempest  
  77  9:56  Carrier x2  
  77  9:58  Zealot x4  
  77  9:59  Zealot x2  
  105  10:25  Probe x2  
  101  10:37  Probe x2  
  101  10:40  Immortal  
  101  10:41  Immortal  
  111  10:45  Carrier  
  111  11:00  High Templar  
  111  11:03  Zealot x4  
  111  11:04  Zealot x2  
  109  11:14  Assimilator  
  109  11:18  Assimilator  
  107  11:30  Protoss Ground Weapons Level 2  
  97  11:48  Probe x3  
  100  12:00  Probe  
  101  12:02  Robotics Bay  
  101  12:11  Photon Cannon  
  101  12:12  Photon Cannon  
  101  12:13  Probe x3  
  104  12:15  High Templar  
  104  12:16  High Templar x3, Photon Cannon  
  104  12:21  Archon x2  
  112  12:25  Probe x2  
  114  12:37  Stalker  
  114  12:38  Stalker  
  114  12:39  Zealot  
  120  12:47  Oracle x2  
  126  12:56  Probe x2  
  125  13:31  Probe x2  
  125  13:32  Probe  
  102  13:43  Probe x2  
  102  13:44  Probe  
  51  13:55  Probe  
  51  13:56  Probe  
  44  14:07  Probe  
  44  14:08  Probe  
  33  14:18  Stalker x2  
  33  14:19  Probe, Stalker x2  
  33  14:20  Probe  
Tags
 
Add a new tag
Caveats
  • Supply blocks, unpowered buildings, or Contaminate may cause inaccurate times.
  • Supply counts are checked every 10 seconds.